 Dungeon Crawl Stone Soup version 0.29-a0-321-gf1c400731a (webtiles) character file.

Game seed: 9332842076996215366

399 Flugslaktarn the Stinger (level 7, -1/51 HPs)
             Began as a Human Venom Mage on Apr 3, 2022.
             Slain by a human skeleton (5 damage)
             ... on level 4 of the Dungeon.
             The game lasted 00:13:49 (1786 turns).

Flugslaktarn the Stinger (Human Venom Mage)         Turns: 1786, Time: 00:13:49

Health: -1/51      AC:  2    Str:  8    XL:     7   Next: 10%
Magic:  10/11      EV: 20    Int: 18    God:
Gold:   102        SH:  0    Dex: 18    Spells: 2/12 levels left

rFire   . . .      SeeInvis .     - Unarmed
rCold   . . .      Faith    .   (shield currently unavailable)
rNeg    . . .      Spirit   .   (body armour currently unavailable)
rPois   x          Reflect  .   (helmet currently unavailable)
rElec   .          Harm     .   (cloak currently unavailable)
rCorr   .          Rampage  .   (gloves currently unavailable)
Will    .....                   (boots currently unavailable)
Stlth   ++........              (no amulet)
HPRegen 0.17/turn               (no ring)
MPRegen 0.12/turn               (no ring)

@: spider-form (expiring)
A: venomous fangs, tiny
a: End Transformation


You were on level 4 of the Dungeon.
You were a venomous arachnid creature.
You visited 1 branch of the dungeon, and saw 4 of its levels.

You collected 102 gold pieces.

Inventory:

Hand Weapons
 b - a +0 short sword
   (You took it off a kobold on level 2 of the Dungeon)
 f - a +2 whip of electrocution (melded)
   (You took it off an orc on level 4 of the Dungeon)
Missiles
 i - 3 curare-tipped darts (quivered)
Armour
 a - a +0 robe (melded)
 c - a +1 helmet (melded)
   (You took it off Robin on level 2 of the Dungeon)
 e - a +0 buckler
   (You found it on level 1 of the Dungeon)
Magical Staves
 j - a staff of cold
   (You found it on level 4 of the Dungeon)
Wands
 d - a wand of digging (7)
   (You found it on level 3 of the Dungeon)
Scrolls
 g - 2 scrolls of magic mapping
 l - 3 scrolls of fear
 t - 2 scrolls of teleportation
 z - a scroll of blinking
Potions
 h - a potion of magic


   Skills:
 + Level 2.5 Fighting
 + Level 2.5 Dodging
 - Level 2.0 Stealth
 + Level 1.3 Unarmed Combat
 - Level 3.0 Spellcasting
 - Level 2.0 Transmutations
 - Level 1.6 Air Magic
 - Level 5.2 Poison Magic


You had 2 spell levels left.
You knew the following spells:

 Your Spells              Type           Power      Damage    Failure   Level
a - Sting                 Tmut/Pois      60%        1d6       12%         1
b - Poisonous Vapours     Pois/Air       30%        N/A       17%         2
c - Olgreb's Toxic Radia  Pois           21%        N/A       38%         4
d - Spider Form           Tmut/Pois      15%        N/A       26%         3

Your spell library contained the following spells:

 Spells                   Type           Power      Damage    Failure   Level
 Beastly Appendage        Tmut           18%        N/A       19%         1
 Wereblood                Tmut           9%         N/A       26%         2
 Mephitic Cloud           Conj/Pois/Air  10%        N/A       38%         3


Dungeon Overview and Level Annotations

Branches:
Dungeon (4/15)
 Temple: D:4-7

Altars:

Shops:
D:3 [

Annotations:
D:4 exclusion: ogre, Dowan, Duvessa


Message History

You hit the human zombie.
The human zombie is severely damaged.
You hit the human zombie but do no damage.
The human zombie is severely damaged.
The human zombie hits you.
* * * LOW HITPOINT WARNING * * *
Unknown command.
You hit the human zombie. Your punch misses the human zombie.
The human zombie is severely damaged.
The human zombie hits you.
* * * LOW HITPOINT WARNING * * *
You hit the human zombie.
Lightning courses through the human zombie!
The human zombie is almost destroyed.
The human zombie closely misses you.
You feel better. The human zombie completely misses you.
You hit the human zombie.
The human zombie is almost destroyed.
The human zombie hits you.
* * * LOW HITPOINT WARNING * * *
You hit the human zombie but do no damage.
The human zombie is almost destroyed.
The human zombie barely misses you.
You hit the human zombie.
The human zombie is almost destroyed.
The human zombie hits you.
* * * LOW HITPOINT WARNING * * *
You hit the human zombie.
You destroy the human zombie!
Unknown command.
There is an open door here.
There is an open door here.
There is an open door here.
There is an open door here.
There is an open door here.
There is an open door here.
There is an open door here.
There is an open door here.
You hear the brisk hiss of an avalanche of sand.
There is an open door here.
There is an open door here.
There is an open door here.
There is an open door here.
There is an open door here.
There is an open door here.
Casting: Spider Form (dangerous; 11% risk of failure)
Confirm with . or Enter, or press ? or * to list all spells.
You turn into a venomous arachnid creature.
Your +2 whip of electrocution melds into your body.
Your +1 helmet melds into your body.
Your +0 robe melds into your body.
Your +2 whip of electrocution stops crackling.
You open the door.
A human skeleton comes into view.
The human skeleton barely misses you.
There is an open door here.
You hit the human skeleton.
The human skeleton is lightly damaged.
The human skeleton hits you.
* * * LOW HITPOINT WARNING * * *
You hit the human skeleton.
The human skeleton is lightly damaged.
The human skeleton hits you.
* * * LOW HITPOINT WARNING * * *
You hit the human skeleton.
The human skeleton is moderately damaged.
You hit the human skeleton.
The human skeleton is moderately damaged.
The human skeleton barely misses you.
Press: ? - help, v - describe, . - travel
Here: a human skeleton (moderately damaged)
The floor.
You hit the human skeleton but do no damage.
The human skeleton is moderately damaged.
The human skeleton closely misses you.
You hit the human skeleton.
The human skeleton is moderately damaged.
The human skeleton barely misses you.
You hit the human skeleton but do no damage.
The human skeleton is moderately damaged.
You hit the human skeleton but do no damage.
The human skeleton is moderately damaged.
The human skeleton misses you.
You hit the human skeleton.
The human skeleton is heavily damaged.
The human skeleton misses you.
You hit the human skeleton.
The human skeleton is severely damaged.
The human skeleton hits you.
* * * LOW HITPOINT WARNING * * *
You hit the human skeleton but do no damage.
The human skeleton is severely damaged.
You hit the human skeleton.
The human skeleton is severely damaged.
Your transformation is almost over.
The human skeleton hits you.
* * * LOW HITPOINT WARNING * * *
You hit the human skeleton.
The human skeleton is almost destroyed.
The human skeleton hits you.
You die...

# # #+#+#+# .
#Zs...+ #
#####...# #
##.#.'...+ # ###
#####..###'#+#
#... ..#...'...#
#.#.##.#..######
#..#.#.#..#
##.###..)..#
###...#.#.#.##


You could see a human skeleton.

Vanquished Creatures
  A scorpion (D:4)
  A necrophage (D:2)
  A human zombie (D:4)
  2 iguanas
  Jessica (D:2)
  Terence (D:2)
  Robin (D:2)
  3 gnolls
  An adder (D:3)
  An ufetubus (D:4)
  4 dart slugs
  6 orcs (D:4)
  7 ball pythons
  3 bats
  3 endoplasms
  5 giant cockroaches
  11 goblins
  5 hobgoblins
  6 jackals (D:2)
  3 quokkas (D:2)
  A frilled lizard (D:2)
  5 kobolds
  An orc zombie (D:4)
  5 rats
78 creatures vanquished.

Notes
Turn   | Place    | Note
-------+----------+-------------------------------------------
     0 | D:1      | Flugslaktarn the Human Venom Mage began the quest for the
                  | Orb.
     0 | D:1      | Reached XP level 1. HP: 13/13 MP: 3/3
   107 | D:3      | Reached XP level 2. HP: 19/19 MP: 1/5
   132 | D:3      | Found Ashismio's Armour Boutique.
   219 | D:2      | Learned a level 2 spell: Poisonous Vapours
   224 | D:2      | Noticed Terence
   403 | D:2      | Reached XP level 3. HP: 5/24 MP: 3/6
   525 | D:1      | Reached skill level 1 in Air Magic
   525 | D:1      | Found a faded altar of an unknown god.
   655 | D:2      | Reached skill level 4 in Poison Magic
   684 | D:2      | Noticed Jessica
   698 | D:2      | Noticed a necrophage
   708 | D:2      | Killed Jessica
   709 | D:2      | Reached XP level 4. HP: 17/30 MP: 0/7
   724 | D:2      | Killed a necrophage
   725 | D:2      | Reached skill level 5 in Poison Magic
   725 | D:2      | Reached skill level 1 in Fighting
   725 | D:2      | Reached XP level 5. HP: 27/37 MP: 1/8
   761 | D:2      | Learned a level 4 spell: Olgreb's Toxic Radiance
   976 | D:2      | Noticed Robin
  1042 | D:2      | Killed Robin
  1122 | D:2      | Killed Terence
  1225 | D:3      | Reached XP level 6. HP: 28/43 MP: 1/10
  1471 | D:4      | Learned a level 3 spell: Spider Form
  1480 | D:4      | Noticed Duvessa
  1481 | D:4      | Noticed Dowan
  1668 | D:4      | Reached skill level 1 in Unarmed Combat
  1672 | D:4      | Reached XP level 7. HP: 26/51 MP: 6/11
  1786 | D:4      | Slain by a human skeleton

Illustrated notes

Levels and vault maps discovered:
D:1:      dpeg_arrival_court, layout_rooms, basic_ecumenical_altar,
          kennysheep_another_room, minmay_strange_pillars
D:2:      layout_loops_cross, uniq_jessica, uniq_robin, uniq_terence
D:3:      layout_rooms, serial_shops, shop, ebering_dispersal_statue_hall,
          minmay_misc_feat_cross, nicolae_figureground_sparkle
D:4:      layout_loops_cross, nicolae_ossuary_entry_catacombs,
          minmay_misc_feat_pillars, uniq_duvessa

Skill      XL: |  1  2  3  4  5  6 |
---------------+-------------------+-----
Air Magic      | 1 |  1.6
Poison Magic   | 4 5 |  5.2
Fighting       | 1 2 |  2.5
Spellcasting   | 3 |  3.0
Transmutations | 2 |  2.0
Unarmed Combat | 1 |  1.3
Dodging        | |  2.5
Stealth        | |  2.0

Action                   |  1- 3 |  4- 6 |  7- 9 || total
-------------------------+-------+-------+-------++-------
Melee: Unarmed           |     4 |    19 |    36 ||    59
       Short sword       |     5 |    26 |       ||    31
       Whip              |       |    13 |    11 ||    24
Throw: Dart              |       |     2 |       ||     2
 Cast: Sting             |    44 |    56 |     2 ||   102
       Poisonous Vapours |     3 |    13 |       ||    16
       Spider Form       |       |     1 |     2 ||     3
       Olgreb's Toxic Ra |       |     1 |       ||     1
  Use: Potion            |     2 |     1 |     1 ||     4
       Scroll            |       |    11 |       ||    11
 Stab: Sleeping          |       |     2 |       ||     2
Armor: Robe              |     9 |    14 |     1 ||    24
       Skin              |       |    36 |     1 ||    37
Dodge: Dodged            |    28 |    75 |    25 ||   128

Table legend: (Time is in decaauts)
 A = Elapsed time spent in this place.
 B = Non-inter-level travel time spent in this place.
 C = Inter-level travel time spent in this place.
 D = Time resting spent in this place.
 E = Time spent auto-exploring this place.
 F = Levels seen in this place.
 G = Mean time per level.
                   A        B        C        D        E       F      G
               +--------+--------+--------+--------+--------+-----+--------+
         Total |   1791 |   1729 |     62 |      6 |      0 |   4 |  447.8 |
       Dungeon |   1791 |   1729 |     62 |      6 |      0 |   4 |  447.8 |
               +--------+--------+--------+--------+--------+-----+--------+

Top non-repeatable levels by time:
     D:2: 772 daAuts
     D:4: 384 daAuts
     D:3: 377 daAuts
     D:1: 257 daAuts
